 Seeded DCSS version 0.31-a0-564-g3b7de120b3 (webtiles) character file.

Game seed: 16161720884980326079 (custom seed)

13 innerfire43 the Changeling (level 2, 0/22 HPs)
             Began as a Djinni Shapeshifter on Aug 17, 2023.
             Was a Follower of Jiyva.
             Slain by Terence
             ... wielding a +0 morningstar
              (8 damage)
             ... on level 2 of the Dungeon.
             The game lasted 00:00:57 (655 turns).

innerfire43 the Changeling (Djinni Shapeshifter)     Turns: 655, Time: 00:00:58

Health: 0/22       AC:  2    Str: 14    XL:     2   Next: 50%
Gold:   35         EV: 12    Int:  9    God:    Jiyva [*.....] SH:  0 Dex: 13

rFire   + +          .
                       - Unarmed
rCold   x . .        (no shield)
rNeg    . . .        a - +0 animal skin
rPois   ∞            (helmet currently unavailable)
rElec   .            (cloak currently unavailable)
rCorr   .            (gloves currently unavailable)
SInv    .            (boots unavailable)
Will    .....        (no amulet)
Stlth   +            (no ring)
HPRegen 1.03/turn    (no ring)
MPRegen 0.00/turn

%: infuse magic (-1 HP)
@: beast-form, flying
A: beast (slay +2), flying, sickness immunity, fire resistance 2, cold
vulnerability 1, float, innate caster, HP casting, extra vitality 1
a: Begin Untransformation, Renounce Religion


You were on level 2 of the Dungeon.
You worshipped Jiyva.
Jiyva was aware of your devotion.
You were a hulking beast.
You visited 1 branch of the dungeon, and saw 2 of its levels.

You collected 35 gold pieces.

Inventory:

Armour
 a - a +0 animal skin (worn)
Jewellery
 j - an amulet of faith
Talismans
 c - a beast talisman (active)
 d - a flux talisman
Scrolls
 e - a scroll of brand weapon {unknown}
 g - 2 scrolls of silence {unknown}
Potions
 b - a potion of lignification
 f - a potion of heal wounds {unknown}
 h - a potion of haste {unknown}
 i - a potion of ambrosia {unknown}


   Skills:
 - Level 1.0 Fighting
 - Level 2.1 Dodging
 - Level 3.0 Unarmed Combat
 + Level 3.2 Shapeshifting You didn't know any spells. Your spell library was empty.

Dungeon Overview and Level Annotations

Branches:
Dungeon (2/15)

Altars:
Jiyva

Annotations:
D:2 Terence


Innate Abilities, Weirdness & Mutations

You are a hulking beast.
Your limbs bulge with bestial killing power. (Slay +2)
You are flying.
You are immune to sickness and miasma.
You are immune to poison.
Your flesh is very heat resistant. (rF++)
You are vulnerable to cold. (rC-)
You float through the air rather than walking.
You learn spells naturally, not from books.
Your magical power is your life essence.
You have superior vitality. (+4 MHP)


Message History

There is an open door here.
You reach down and open the door.
Terence the Incautious comes into view.
He is wielding a +0 morningstar.
You barely miss Terence. Terence hits you with a +0 morningstar!
Terence is nearby!
You hit Terence but do no damage.
A rat comes into view.
Terence barely misses you.
There are monsters nearby!
You barely miss Terence. Terence misses you.
Terence is nearby!
Terence closely misses you. Terence attacks as you move away!
Terence hits you with a +0 morningstar. Terence attacks as you move away!
Terence hits you with a +0 morningstar. Terence attacks as you move away!
Terence completely misses you.
You completely miss Terence. Your punch misses Terence.
Terence hits you with a +0 morningstar.
You hit Terence but do no damage. Terence misses you.
You completely miss Terence. Terence barely misses you.
You hit Terence.
Terence is moderately wounded.
Terence hits you with a +0 morningstar.
You barely miss Terence.
Terence is moderately wounded.
Terence hits you with a +0 morningstar.
You barely miss Terence. You punch Terence.
Terence is heavily wounded.
Terence barely misses you.
You barely miss Terence.
Terence is heavily wounded.
Terence hits you with a +0 morningstar!
Ouch! That really hurt!
* * * LOW HITPOINT WARNING * * *
You barely miss Terence.
Terence is heavily wounded.
Terence misses you.
You hit Terence.
Terence is severely wounded.
Terence hits you with a +0 morningstar!
You die...

#.#.#####.#
#.#.......#
#.######### #.#
##### #.# #...#
#.# ####...#
#.#######..'...#
#.##.r.r)..#...#
#h##.###...#.###
#@##.#.'...+.#
#r...#r#...###
######'#...# .
..### .....#
......# .......#
#+###


You could see Terence and a rat.

Vanquished Creatures
  A dart slug (D:1)
  An endoplasm (D:1)
  A hobgoblin (D:1)
  5 kobolds
  A quokka (D:1)
  A frilled lizard (D:1)
10 creatures vanquished.

Notes
Turn   | Place    | Note
-------+----------+-------------------------------------------
     0 | D:1      | innerfire43 the Djinni Shapeshifter began the quest for the
                  | Orb.
     0 | D:1      | Reached XP level 1. HP: 17/17 MP: 0/0
   156 | D:1      | Found a faded altar of an unknown god.
   205 | D:1      | Reached XP level 2. HP: 7/22 MP: 0/0
   212 | D:1      | Prayed at the altar of an unknown god.
   212 | D:1      | Became a worshipper of Jiyva Jialiude the Shapeless
   212 | D:1      | Reached * piety under Jiyva
   633 | D:2      | Noticed Terence
   655 | D:2      | Slain by Terence

Illustrated notes

Levels and vault maps discovered:
D:1:      nzn_arrival_settlement, layout_rooms,
          shapermc_ecumenical_altar_starsandcircs
D:2:      layout_basic, feat_on_display, uniq_jessica, uniq_robin,
          uniq_crazy_yiuf_cottage, uniq_terence

Skill      XL: |  1 |
---------------+----+-----
Shapeshifting  | 3 |  3.2
Fighting       | |  1.0
Dodging        | |  2.1
Unarmed Combat | |  3.0

Action                     || total
---------------------------++-------
  Melee: Unarmed           ||    40
         Punch             ||     1
   Stab: Sleeping          ||     1
 Armour: Animal skin       ||     3
  Dodge: Dodged            ||    22

Table legend: (Time is in decaauts)
 A = Elapsed time spent in this place.
 B = Non-inter-level travel time spent in this place.
 C = Inter-level travel time spent in this place.
 D = Time resting spent in this place.
 E = Time spent auto-exploring this place.
 F = Levels seen in this place.
 G = Mean time per level.
                   A        B        C        D        E       F      G
               +--------+--------+--------+--------+--------+-----+--------+
         Total |    652 |    596 |     56 |      0 |    486 |   2 |  326.0 |
       Dungeon |    652 |    596 |     56 |      0 |    486 |   2 |  326.0 |
               +--------+--------+--------+--------+--------+-----+--------+

Top non-repeatable levels by time:
     D:1: 586 daAuts
     D:2: 66 daAuts
